 Dungeon Crawl Stone Soup version 0.24.0-13-gcf9b3192b9 (webtiles) character file.

Game seed: 12411420090311056006, levelgen mode: deterministic

592535 erloom the Phalangite (level 27, -4/233 HPs)
             Began as a Merfolk Gladiator on Nov 2, 2019.
             Was an Initiate of Gozag.
             Killed from afar by a black draconian (32 damage)
             ... with a bolt of lightning
             ... on level 1 of the Realm of Zot on Nov 9, 2019.
             The game lasted 04:49:04 (83202 turns).

erloom the Phalangite (Merfolk Gladiator)          Turns: 83202, Time: 04:49:06

Health: -4/233     AC: 21    Str: 17      XL:     27
Magic:  49/49      EV: 29    Int: 21      God:    Gozag
Gold:   11895      SH:  0    Dex: 19 (20) Spells: 37/52 levels left

rFire    + + +     SeeInvis .   W - +5 scythe "Finisher" {speed, eviscerate}
rCold    . . .     Gourm    .   (shield currently unavailable)
rNeg     . . .     Faith    .   P - +2 ring mail {rF+}
rPois    +         Spirit   .   F - +2 helmet {Int+3}
rElec    .         Reflect  .   A - +0 cloak
rCorr    .         Harm     .   X - +2 pair of gloves
MR       +++..                  w - +2 pair of boots
Stlth    +++++++...             t - amulet "Healoxt" {RegenMP Dex-3 Slay+5}
HPRegen  0.48/turn              M - ring of Waovasm {rF+ MR+ Int+6}
MPRegen  0.56/turn              d - ring "Janidd" {*Contam rPois rF+ MP+9 Str+2}

@: about to teleport, slowed, very slow
A: change form in water, swift swim, stealthy swim, deterioration 1
}: 3/15 runes: decaying, serpentine, silver
a: Potion Petition, Call Merchant, Bribe Branch, Renounce Religion


You were on level 1 of the Realm of Zot.
You worshipped Gozag.
Gozag was extremely pleased with you.
You were not hungry.

You visited 10 branches of the dungeon, and saw 46 of its levels.
You visited the Abyss 1 time.
You also visited: Volcano.

You collected 27301 gold pieces.
You spent 9752 gold pieces at shops.
You paid 5654 gold pieces to Gozag.

Inventory:

Hand Weapons
 W - the +5 scythe "Finisher" (weapon) {speed, eviscerate}
   (You found it on level 12 of the Dungeon)

   Attacks with this weapon are significantly faster.
Missiles
 k - 1433 stones (quivered)
Armour
 r - the +6 chain mail "Junameju" {MR++ Regen+ Int-3}
   (You bought it in a shop on level 2 of the Lair of Beasts)

   It affects your intelligence (-3).
   It affects your resistance to hostile enchantments.
   It increases your rate of regeneration.
 w - a +2 pair of boots (worn)
 A - a +0 cloak (worn)
 F - a +2 helmet of intelligence (worn)
 P - a +2 ring mail of fire resistance (worn)
 X - a +2 pair of gloves (worn)
Jewellery
 d - the ring "Janidd" (right hand) {*Contam rPois rF+ MP+9 Str+2}
   (You took it off a deep elf demonologist on level 3 of the Elven Halls)

   [ring of strength]

   It affects your strength (+2).
   It protects you from fire.
   It protects you from poison.
   It affects your magic capacity (+9).
   It causes magical contamination when unequipped.
 o - a cursed amulet of inaccuracy {unknown}
 p - an uncursed ring of see invisible
 t - the amulet "Healoxt" (around neck) {RegenMP Dex-3 Slay+5}
   (You bought it in a shop on level 1 of the Vaults)

   [amulet of magic regeneration]

   It increases your magic regeneration.
   It affects your dexterity (-3).
   It affects your accuracy and damage with ranged weapons and melee attacks
   (+5).
 x - the ring of Phasing {EV+8}
   (You bought it in a shop on level 11 of the Dungeon)

   [ring of evasion]

   It affects your evasion (+8).
 z - the ring "Ikkiduta" {rCorr SInv}
   (You found it on level 2 of the Vaults)

   [ring of resist corrosion]

   It lets you see invisible.
   It provides partial protection from all sources of acid and corrosion.
 K - the ring of Xach {Wiz MR+ Dex+4}
   (You bought it in a shop on level 1 of the Snake Pit)

   [ring of wizardry]

   It improves your spell success rate.
   It affects your dexterity (+4).
   It affects your resistance to hostile enchantments.
 M - the ring of Waovasm (left hand) {rF+ MR+ Int+6}
   (You took it off a deep elf master archer on level 3 of the Elven Halls)

   [ring of protection from magic]

   It affects your intelligence (+6).
   It protects you from fire.
   It affects your resistance to hostile enchantments.
Wands
 b - a wand of acid (24)
 g - a wand of iceblast (28)
 D - a wand of digging (7)
 R - a wand of clouds (8)
 S - a wand of scattershot (9)
 Z - a wand of disintegration (26)
Scrolls
 a - a scroll of summoning
 c - 7 scrolls of magic mapping
 e - 2 scrolls of amnesia
 h - a scroll of vulnerability {unknown}
 i - 7 scrolls of blinking
 m - 22 scrolls of teleportation
 q - 8 scrolls of enchant armour
 s - a scroll of brand weapon
 y - 23 scrolls of remove curse
 C - a scroll of holy word
 L - 2 scrolls of fear
 O - 6 scrolls of fog
 T - 2 scrolls of silence
 V - 11 scrolls of identify
Potions
 j - 8 potions of haste
 l - 6 potions of heal wounds
 n - 4 potions of mutation
 u - 15 potions of flight
 B - 3 potions of brilliance
 G - 11 potions of curing
 H - 5 potions of might
 I - 3 potions of magic
 J - 4 potions of resistance
 N - a potion of invisibility
 U - a potion of ambrosia
 Y - 7 potions of agility
Miscellaneous
 v - a phial of floods
 E - a lamp of fire
Comestibles
 f - 38 rations


   Skills:
 + Level 22.4 Fighting
 - Level 26.0 Polearms
 - Level 2.0 Throwing
 + Level 10.7 Armour
 + Level 22.6 Dodging
 - Level 20.0 Stealth
 + Level 13.4 Spellcasting
 - Level 6.0 Conjurations
 - Level 5.0 Translocations
 + Level 12.4 Transmutations
 - Level 5.0 Fire Magic
 - Level 2.2 Air Magic
 + Level 8.4 Earth Magic
 - Level 2.0 Poison Magic
 - Level 10.0 Evocations


You had 37 spell levels left.
You knew the following spells:

 Your Spells              Type           Power        Failure   Level  Hunger
a - Apportation           Tloc           #####.       1%          1    None
b - Blink                 Tloc           N/A          1%          2    None
c - Mephitic Cloud        Conj/Pois/Air  ####....     5%          3    None
d - Conjure Flame         Conj/Fire      #####...     2%          3    None
e - Statue Form           Tmut/Erth      ######...    16%         6    #####..

Your spell library contained the following spells:

 Spells                   Type           Power        Failure   Level  Hunger
 Beastly Appendage        Tmut           ######       1%          1    None
 Flame Tongue             Conj/Fire      #####        1%          1    None
 Magic Dart               Conj           ####         1%          1    None
 Shock                    Conj/Air       ####         1%          1    None
 Sting                    Conj/Pois      ####         1%          1    None
 Passwall                 Tmut/Erth      ######..     1%          2    None
 Searing Ray              Conj           #####.       1%          2    None
 Sticks to Snakes         Tmut           ######..     1%          2    None
 Throw Flame              Conj/Fire      #####.       1%          2    None
 Ignite Poison            Fire/Tmut/Pois #####...     1%          3    None
 Spider Form              Tmut/Pois      #####.....   1%          3    None
 Stone Arrow              Conj/Erth      #####.       1%          3    None
 Petrify                  Tmut/Erth      ######..     1%          4    None
 Blade Hands              Tmut           ######....   1%          5    ###....
 Gell's Gravitas          Tloc           #####.....   2%          3    None
 Lesser Beckoning         Tloc           #####.....   2%          3    None
 Teleport Other           Tloc           #####...     2%          3    None
 Throw Frost              Conj/Ice       ####..       3%          2    None
 Poisonous Vapours        Pois/Air       ###...       4%          2    None
 Shroud of Golubria       Chrm/Tloc      ###...       4%          2    None
 Static Discharge         Conj/Air       ####....     4%          3    None
 Ice Form                 Ice/Tmut       #####...     5%          4    None
 Dazzling Spray           Conj/Hex       ####..       6%          3    None
 Iskenderun's Mystic Bla  Conj           #####...     6%          4    None
 Swiftness                Chrm/Air       ###.....     7%          2    None
 Hydra Form               Tmut           ######....   7%          6    #####..
 Animate Skeleton         Necr           N/A          8%          1    None
 Confusing Touch          Hex            ##....       8%          1    None
 Corona                   Hex            ##.....      8%          1    None
 Freeze                   Ice            ##..         8%          1    None
 Summon Butterflies       Summ           ##......     8%          1    None
 Summon Small Mammal      Summ           ##..         8%          1    None
 Inner Flame              Hex/Fire       ###.....     8%          3    None
 Portal Projectile        Hex/Tloc       ###...       8%          3    None
 Force Lance              Conj/Tloc      #####...     8%          4    None
 Sticky Flame             Conj/Fire      #####...     8%          4    None
 Passage of Golubria      Tloc           N/A          10%         4    None
 Call Imp                 Summ           ##......     11%         2    None
 Corpse Rot               Necr           N/A          11%         2    None
 Ensorcelled Hibernation  Hex/Ice        ##....       11%         2    None
 Slow                     Hex            ##......     11%         2    None
 Leda's Liquefaction      Hex/Erth       ####......   13%         4    None
 Yara's Violent Unravell  Hex/Tmut       #####.....   16%         5    ###....
 Call Canine Familiar     Summ           ##......     22%         3    None
 Confuse                  Hex            ##......     22%         3    None
 Ozocubu's Armour         Chrm/Ice       ##......     22%         3    None
 Tukima's Dance           Hex            ##......     22%         3    None
 Fulminant Prism          Conj/Hex       ####......   22%         4    None
 Throw Icicle             Conj/Ice       ####....     22%         4    None
 Fireball                 Conj/Fire      #####.....   22%         5    ###....
 Airstrike                Air            ###.......   28%         4    None
 Olgreb's Toxic Radiance  Pois           ###.....     32%         4    None
 Borgnjor's Vile Clutch   Necr/Erth      ####......   36%         5    ###....
 Lightning Bolt           Conj/Air       ####......   36%         5    ###....
 Venom Bolt               Conj/Pois      ####......   36%         5    ###....
 Cause Fear               Hex            ##........   58%         4    None
 Summon Ice Beast         Ice/Summ       ##......     58%         4    None
 Summon Forest            Summ/Tloc      ###.......   58%         5    ###....
 Bolt of Fire             Conj/Fire      #####.....   75%         6    #####..
 Metabolic Englaciation   Hex/Ice        ##........   90%         5    ###....
 Bolt of Cold             Conj/Ice       ####......   97%         6    #####..
 Freezing Cloud           Conj/Ice/Air   ####......   98%         6    #####..
 Invisibility             Hex            ##......     100%        6    #####..
 Ozocubu's Refrigeration  Ice            ##........   100%        6    #####..
 Shadow Creatures         Summ           N/A          100%        6    #####..
 Simulacrum               Ice/Necr       ##........   100%        6    #####..
 Ring of Flames           Chrm/Fire      ###.......   100%        7    ######.
 Summon Hydra             Summ           ##........   100%        7    ######.
 Ignition                 Fire           #####.....   100%        8    #######


Dungeon Overview and Level Annotations

Branches:
Dungeon (15/15)            Temple (1/1) D:6            Lair (6/6) D:10
  Swamp (4/4) Lair:2        Snake (4/4) Lair:2        Slime (0/5) Lair:6
    Orc (2/2) D:12            Elf (3/3) Orc:2        Vaults (5/5) D:14
  Crypt (0/3) Vaults:2     Depths (5/5) D:15            Zot (1/5) Depths:5
Volcano (visited)

Altars:
Ashenzari
Cheibriados
Dithmenos
Elyvilon
Fedhas
Gozag
Kikubaaqudgha
Makhleb
Okawaru
Qazlal
Ru
Sif Muna
Uskayaw
Vehumet
Xom
Zin
Beogh
Jiyva

Shops:
D:7 ?   D:8 *   D:9 *   D:11 =!   D:15 ?   Orc:1 ?   Orc:2 **%*   Elf:1 *
Lair:2 [   Lair:4 *   Snake:1 =   Vaults:1 =   Vaults:4 ==   Vaults:5 (

Portals:
Hell: Depths:1 Depths:2 Depths:3 Depths:4 Depths:5
Abyss: Depths:2 Depths:4
Pandemonium: Depths:3
Ziggurat: Depths:5

Annotations:
D:5 Sigmund
D:13 1 runed translucent door
Lair:2 2 transporters, mishael's ghost, journeyman MiFi
Lair:6 Sonja
Swamp:2 1 runed translucent door
Vaults:1 3 runed translucent doors
Vaults:4 3 runed translucent doors, SpeedRobin's ghost, adept DDFi
Zot:1 exclusion: door


Innate Abilities, Weirdness & Mutations

You revert to your normal form in water.
You are very nimble and swift while swimming.
You are very stealthy in the water. (Stealth+)
Your body sometimes deteriorates upon taking damage.


Message History

[Y]es or [N]o only, please.
Your blink will be uncontrolled - continue anyway? [Y]es or [N]o only, please.
Your blink will be uncontrolled - continue anyway? [Y]es or [N]o only, please.
Your blink will be uncontrolled - continue anyway? [Y]es or [N]o only, please.
Your blink will be uncontrolled - continue anyway?
Okay, then.
Unknown command.
Unknown command.
Unknown command.
As you read the scroll of teleportation, it crumbles to dust.
You feel strangely unstable.
You feel the Orb delaying your translocation!
The red draconian barely misses you.
The black draconian breathes lightning at you.
The bolt of lightning hits you!!
You die...
Your body crumbles into a pile of gold.

##...#####..... .#
##....#...#..... .....#
##.....#'###..... #.....#
##.........)...... .....$##
##.......(....##... #.....##
##......##.....##...
#.....##+##.....#........##...
#.###........Xdd..#####.....##...
d.........$.d.zd@## #.....##...
X............##########.....##...
#.####.########..................
... ##.......#.##......§ #.y..
#........#.#.......§ #....
#........#.#..#.≈≈≈§ #....
#........#.#..≈.≈≈≈§ #$...
###.#####.##.#.§≈.≈≈≈≈ .....
..........##..........


You could see a tentacled monstrosity, a black draconian, a yellow draconian, a
red draconian, a white draconian and a death cob.

Vanquished Creatures
  An ancient lich (Vaults:4)
  Mara (Depths:1)
  3 juggernauts
  Sojobo (Depths:1)
  the Lernaean hydra (Swamp:4)
  Bai Suzhen (Vaults:4)
  Saint Roka (Orc:2)
  6 caustic shrikes
  5 golden dragons
  Nikola (Depths:1)
  Jory (Depths:5)
  5 liches
  A hellephant (Zot:1)
  6 tentacled monstrosities
  Jorgrun (Swamp:3)
  Rupert (Lair:4)
  2 deep elf blademasters (Elf:3)
  4 titans (Vaults:5)
  2 deep elf master archers (Elf:3)
  A tentacled starspawn (Abyss:2)
  Asterion (Elf:1)
  A sphinx (shapeshifter) (Vaults:3)
  4 shadow dragons
  10 sphinxes
  2 thorn hunters
  2 death cobs (Zot:1)
  8 nagarajas
  5 storm dragons
  8 tengu reavers
  11 vault wardens
  16 fire giants
  Louise (Elf:1)
  9 deep elf sorcerers
  2 orc warlords (Orc:2)
  An iron dragon (Depths:3)
  Aizul (Snake:4)
  9 frost giants
  2 draconian scorchers (Depths:5)
  2 spriggan defenders
  3 deep elf elementalists
  11 ironheart preservers
  22 very ugly things
  2 war gargoyles
  30 stone giants
  An entropy weaver (Vaults:3)
  7 deep elf demonologists
  3 green draconians (Zot:1)
  A vampire knight (Depths:4)
  A black draconian (Zot:1)
  3 white draconians
  7 deep elf annihilators
  A purple draconian (Depths:5)
  2 yellow draconians
  7 deep elf death magi
  2 spark wasps (Depths:3)
  2 dire elephants (Zot:1)
  A crystal guardian (Vaults:4)
  2 red draconians
  16 ettins
  8 fire dragons
  Josephine (Lair:6)
  13 yaktaur captains
  2 jiangshi (Depths:2)
  7 deep elf high priests
  5 rakshasas
  9 great orbs of eyes
  25 vault guards
  14 hydras
  17 naga warriors
  2 ghost crabs (Swamp:4)
  11 ice dragons
  4 spriggan air magi
  13 anacondas
  8 ogre magi
  A hell beast (Depths:2)
  16 alligators
  4 merfolk avatars
  6 death yaks
  4 tengu warriors
  A death knight (Vaults:4)
  9 centaur warriors
  36 two-headed ogres
  4 deep troll shamans (Depths:2)
  A hell hog (Abyss:2)
  23 naga sharpshooters
  A thrashing horror (Abyss:2)
  5 deep troll earth magi
  3 vampire magi
  5 orc high priests
  11 shock serpents
  10 spriggan berserkers
  20 deep elf knights
  A storm dragon zombie (Depths:4)
  2 wretched stars (Abyss:2)
  2 fire crabs (shapeshifter)
  A skeletal warrior (Vaults:4)
  A sun demon (Depths:2)
  An iron troll (Depths:2)
  3 hell knights (Depths:3)
  2 titan skeletons
  A shadow wraith (Vaults:3)
  9 salamander mystics
  A deep troll (shapeshifter) (Vaults:5)
  5 wizards
  A spriggan druid (Swamp:3)
  5 sea snakes
  A flayed ghost (Depths:3)
  23 deep trolls
  20 swamp dragons
  3 unseen horrors
  6 naga ritualists
  18 deep elf archers
  16 ironbrand convokers
  A harpy (Lair:6)
  6 glowing orange brains
  2 tengu zombies
  2 wolf spider zombies
  Pikel (D:6)
  6 lindwurms
  16 orc knights
  2 phantasmal warriors (Depths:4)
  52 ugly things
  A sphinx zombie (Vaults:5)
  7 necromancers
  8 orc sorcerers
  A stone giant zombie (Vaults:1)
  4 wolf spiders
  2 shining eyes (shapeshifter)
  A tengu skeleton (Depths:4)
  79 deep elf magi
  5 cyclopes
  10 salamanders
  A fire giant zombie (Vaults:5)
  15 mana vipers
  6 moths of wrath (Zot:1)
  A salamander (shapeshifter) (Depths:3)
  5 elephants
  7 manticores
  14 vault sentinels
  20 naga magi
  A frost giant skeleton (Vaults:2)
  Maurice (D:10)
  A guardian serpent (shapeshifter) (Vaults:4)
  38 black mambas
  A smoke demon (Abyss:2)
  10 guardian serpents
  20 spiny frogs
  A torpor snail (Lair:6)
  An eye of devastation (shapeshifter) (Depths:2)
  3 gargoyles
  5 centaur skeletons
  7 komodo dragons
  A yaktaur (shapeshifter) (Vaults:3)
  A kobold demonologist (D:11)
  A yaktaur zombie (Vaults:1)
  An elf skeleton (Depths:1)
  4 rime drakes
  52 yaktaurs
  2 efreet
  2 freezing wraiths (Vaults:4)
  An ancient zyme (Abyss:2)
  An ice devil (Depths:2)
  A meliai (shapeshifter) (Depths:2)
  12 trolls
  3 tengu conjurers
  A polar bear (Lair:6)
  3 polar bears (shapeshifter)
  9 tyrant leeches
  A queen bee (Lair:1)
  A wolf spider simulacrum (D:14)
  8 bog bodies
  A wind drake (Lair:6)
  21 blink frogs
  5 raiju (Abyss:2)
  A blink frog (shapeshifter) (Abyss:2)
  Prince Ribbit (D:7)
  14 hornets
  56 slime creatures
  8 hippogriffs
  6 large abominations (Abyss:2)
  A frost giant simulacrum (Vaults:2)
  A stone giant simulacrum (Vaults:3)
  3 hippogriffs (shapeshifter)
  14 dream sheep
  3 air elementals
  2 human simulacra
  5 shadows
  A redback (shapeshifter) (Depths:5)
  2 redbacks (Vaults:3)
  A tarantella (shapeshifter) (Depths:4)
  4 spriggans
  4 water elementals
  9 wraiths
  6 wyverns
  3 fire bats (Volcano)
  A human (Zot:1)
  A yak (shapeshifter) (D:14)
  45 yaks
  A basilisk (shapeshifter) (Vaults:4)
  A hungry ghost (D:12)
  5 fire elementals
  3 chaos spawn
  15 vampire mosquitoes
  5 human zombies
  55 nagas
  16 swamp worms
  A warg (shapeshifter) (Depths:3)
  7 wargs
  4 acid dragons
  Menkaure (D:7)
  6 insubstantial wisps (Swamp:2)
  4 hell hounds
  A soldier ant (D:15)
  A floating eye (shapeshifter) (D:14)
  12 water moccasins
  Duvessa (D:6)
  A human skeleton (Depths:1)
  63 orc warriors
  A floating eye (Depths:2)
  An orc zombie (Vaults:2)
  A sky beast (shapeshifter) (D:14)
  4 small abominations (Abyss:2)
  9 porcupines
  5 ice beasts
  7 swamp drakes
  3 sky beasts
  3 phantoms
  3 slaves
  36 ogres
  3 black bears
  8 boggarts (Vaults:3)
  10 wolves
  16 centaurs
  A centaur (shapeshifter) (D:15)
  17 crocodiles
  A big kobold (D:7)
  Blork the orc (D:5)
  19 bullfrogs
  A glowing shapeshifter simulacrum (Vaults:1)
  3 earth elementals
  A gnoll sergeant (D:12)
  Dowan (D:6)
  6 scorpions
  A hornet simulacrum (Vaults:1)
  A water moccasin zombie (D:7)
  A wyvern skeleton (D:11)
  A water moccasin skeleton (D:4)
  19 killer bees (Lair:1)
  An orc simulacrum (Vaults:2)
  12 wights
  2 howler monkeys
  6 electric eels
  2 bullfrog zombies
  20 crimson imps
  4 quasits
  4 centaur zombies
  2 bullfrog skeletons
  7 hounds
  33 orc priests
  2 jellies
  18 orc wizards
  Natasha (thrice) (D:3)
  9 worker ants
  2 iguanas
  A hound skeleton (D:5)
  Robin (D:2)
  12 adders
  11 gnolls
  A howler monkey zombie (D:6)
  7 shadow imps
  4 white imps
  2 ufetubi (Abyss:2)
  An ooze (D:1)
  An adder zombie (D:9)
  An adder skeleton (D:4)
  4 worms
  5 dart slugs
  2 leopard geckos
  151 orcs
  6 bats
  4 giant cockroaches
  2 giant cockroaches (shapeshifter)
  13 goblins
  9 hobgoblins
  10 jackals
  14 kobolds
  5 quokkas
  2 ball pythons
  8 frilled lizards
  2 quokka skeletons
  A quokka zombie (D:6)
  7 rats
  A briar patch (Swamp:2)
  A fungus (Lair:5)
  A starspawn tentacle (Abyss:2)
2177 creatures vanquished.

Vanquished Creatures (collateral kills)
  Vashnia (Snake:4)
  A naga sharpshooter (Snake:4)
  A sixfirhy (Abyss:2)
  A raiju (Abyss:2)
  A large abomination (Abyss:2)
  A ynoxinul (Abyss:2)
  An orc priest (D:12)
  5 orcs (D:12)
12 creatures vanquished.

Vanquished Creatures (others)
  A shadow dragon (Vaults:5)
  A very ugly thing (Depths:1)
  22 dancing weapons
  3 ugly things (Depths:1)
  A swamp worm (Swamp:4)
  A swamp drake (Swamp:4)
  An ufetubus (Abyss:2)
  A goblin (D:2)
  A briar patch (Swamp:2)
  20 fungi
  23 plants
  3 starspawn tentacles (Abyss:2)
  8 toadstools (Lair:3)
86 creatures vanquished.

Grand Total: 2275 creatures vanquished

Notes
Turn   | Place    | Note
-------+----------+-------------------------------------------
     0 | D:1      | erloom the Merfolk Gladiator began the quest for the Orb.
     0 | D:1      | Reached XP level 1. HP: 16/16 MP: 1/1
   427 | D:1      | Reached XP level 2. HP: 13/23 MP: 2/2
   688 | D:1      | Reached skill level 5 in Polearms
   925 | D:2      | Reached XP level 3. HP: 26/29 MP: 3/3
  1320 | D:2      | Noticed Robin
  1329 | D:2      | Reached XP level 4. HP: 35/35 MP: 4/4
  1355 | D:2      | Killed Robin
  1355 | D:2      | Reached skill level 6 in Polearms
  1595 | D:2      | Found a shadowy altar of Dithmenos.
  1972 | D:2      | You fall into a shaft and drop 1 floor!
  2006 | D:3      | Reached XP level 5. HP: 17/42 MP: 5/5
  2201 | D:3      | Noticed Natasha
  2237 | D:3      | Killed Natasha
  2298 | D:3      | Found a hide-covered altar of Uskayaw.
  2559 | D:3      | Noticed Natasha
  2576 | D:3      | Killed Natasha
  2576 | D:3      | Reached skill level 7 in Polearms
  2832 | D:3      | Noticed Natasha
  2849 | D:3      | Killed Natasha
  2871 | D:3      | Found a stormy altar of Qazlal.
  2880 | D:3      | Found a burning altar of Makhleb.
  2943 | D:3      | Found a shattered altar of Ashenzari.
  2970 | D:3      | Reached XP level 6. HP: 44/50 MP: 6/6
  2973 | D:3      | Reached skill level 5 in Fighting
  3096 | D:3      | Found a white marble altar of Elyvilon.
  3347 | D:4      | You fall into a shaft and drop 1 floor!
  3347 | D:5      | Entered Level 5 of the Dungeon
  3406 | D:5      | Noticed an ice beast
  3406 | D:5      | Noticed a sky beast
  3450 | D:5      | Killed an ice beast
  3450 | D:5      | Reached skill level 8 in Polearms
  3716 | D:5      | Reached XP level 7. HP: 13/58 MP: 7/7
  4030 | D:5      | Noticed Sigmund
  4119 | D:5      | Found a shimmering blue altar of Sif Muna.
  4268 | D:5      | Noticed Blork the orc
  4280 | D:5      | Killed Blork the orc
  4280 | D:5      | Reached skill level 9 in Polearms
  5474 | D:5      | Reached XP level 8. HP: 63/67 MP: 8/8
  5481 | D:5      | Reached skill level 10 in Polearms
  5911 | D:5      | You fall into a shaft and drop 2 floors!
  5936 | D:7      | Found Viunaq's Magic Scroll Shop.
  5942 | D:7      | Bought a scroll of identify for 26 gold pieces
  5942 | D:7      | Bought a scroll of blinking for 97 gold pieces
  5942 | D:7      | Bought a scroll of magic mapping for 45 gold pieces
  6145 | D:6      | Reached skill level 11 in Polearms
  6454 | D:6      | Noticed Dowan
  6460 | D:6      | Noticed Duvessa
  6501 | D:6      | Killed Duvessa
  6507 | D:6      | Killed Dowan
  6700 | D:6      | Found a staircase to the Ecumenical Temple.
  6707 | Temple   | Entered the Ecumenical Temple
  6750 | D:6      | Found a shattered altar of Ashenzari.
  6760 | D:6      | Reached XP level 9. HP: 74/75 MP: 9/9
  7051 | D:6      | Reached skill level 12 in Polearms
  7945 | Temple   | Became a worshipper of Gozag Ym Sagoz the Greedy
  8159 | D:7      | Noticed Pikel
  8452 | D:7      | Noticed Prince Ribbit
  8468 | D:7      | Killed Prince Ribbit
  8468 | D:7      | Reached skill level 10 in Fighting
  8468 | D:7      | Reached skill level 13 in Polearms
  8852 | D:7      | Noticed Menkaure
  8872 | D:7      | Killed Menkaure
  9177 | D:6      | Killed Pikel
  9177 | D:6      | Reached XP level 10. HP: 86/86 MP: 10/10
  9229 | D:7      | Reached skill level 14 in Polearms
  9344 | D:8      | Learned a level 1 spell: Apportation
  9493 | D:8      | Noticed a gargoyle
  9520 | D:8      | Killed a gargoyle
  9520 | D:8      | Reached skill level 1 in Armour
  9520 | D:8      | Reached skill level 1 in Evocations
  9830 | D:8      | Found a radiant altar of Vehumet.
  9871 | D:8      | Found Maocvui's Assorted Antiques.
  9877 | D:8      | Bought a scroll labeled AFAXYRPHASHI for 29 gold pieces
  9877 | D:8      | Bought a golden potion for 26 gold pieces
  9877 | D:8      | Bought a twisted ivory ring for 145 gold pieces
 10105 | D:8      | Noticed a two-headed ogre
 10215 | D:9      | Reached skill level 5 in Dodging
 10383 | D:9      | Found Xulot's Lightly-Used Armoury.
 11510 | D:9      | Found a blossoming altar of Fedhas.
 12075 | D:8      | Killed a two-headed ogre
 12075 | D:8      | Reached XP level 11. HP: 95/95 MP: 12/12
 12122 | D:8      | Bought a scroll of enchant weapon for 217 gold pieces
 12142 | D:10     | Entered Level 10 of the Dungeon
 12316 | D:10     | Found a sacrificial altar of Ru.
 12327 | D:10     | Found a staircase to the Lair.
 12531 | D:10     | Noticed Maurice
 12542 | D:10     | Killed Maurice
 12642 | Lair:1   | Entered Level 1 of the Lair of Beasts
 13390 | Lair:1   | Reached skill level 15 in Polearms
 13778 | Lair:2   | Found a staircase to the Swamp.
 13795 | Lair:2   | Noticed mishael's ghost (journeyman MiFi)
 14237 | Lair:2   | Reached XP level 12. HP: 101/105 MP: 15/15
 14252 | Lair:2   | Learned a level 2 spell: Blink
 14256 | Lair:2   | Learned a level 3 spell: Mephitic Cloud
 14358 | Lair:2   | Found a staircase to the Snake Pit.
 14423 | Lair:2   | Found a transporter.
 14426 | Lair:2   | Found a transporter.
 14771 | Lair:3   | Reached skill level 1 in Spellcasting
 14779 | Lair:3   | Reached skill level 10 in Dodging
 15479 | Lair:3   | Reached skill level 5 in Evocations
 15493 | Lair:3   | Reached skill level 16 in Polearms
 16987 | Lair:3   | Found a runed translucent door.
 17019 | Lair:3   | Upgraded the game from 0.24.0-7-gb3623d2c88 to
                  | 0.24.0-13-gcf9b3192b9
 17727 | Lair:4   | Reached XP level 13. HP: 112/113 MP: 18/20
 17775 | Lair:4   | Reached skill level 1 in Poison Magic
 17908 | Lair:4   | Reached skill level 1 in Air Magic
 17939 | Lair:4   | Reached skill level 1 in Translocations
 18189 | Lair:4   | Reached skill level 5 in Spellcasting
 18435 | Lair:4   | Bought a runed halberd for 182 gold pieces
 18907 | Lair:4   | Noticed Rupert
 18924 | Lair:4   | Killed Rupert
 19316 | Lair:5   | Found a dark tunnel.
 19325 | Volcano  | Entered a volcano
 20376 | Lair:6   | Entered Level 6 of the Lair of Beasts
 21531 | Lair:6   | Noticed Josephine
 21767 | Lair:6   | Killed Josephine
 21767 | Lair:6   | Reached skill level 15 in Fighting
 22668 | Lair:6   | Reached XP level 14. HP: 120/123 MP: 21/21
 22824 | Lair:6   | Reached skill level 1 in Stealth
 23214 | Lair:6   | Noticed Sonja
 23744 | Lair:6   | Found a viscous altar of Jiyva.
 23748 | Lair:6   | Found a staircase to the Slime Pits.
 24361 | Lair:6   | Learned a level 3 spell: Conjure Flame
 24815 | Lair:3   | Got a slimy broad axe
 24833 | Lair:3   | Identified the cursed +3 broad axe of Dismay {speed, Dex+4}
                  | (You found it on level 3 of the Lair of Beasts)
 24849 | Lair:3   | Gained mutation: Your body sometimes deteriorates upon
                  | taking damage. [mutagenic glow]
 24948 | D:11     | Reached skill level 15 in Dodging
 24953 | D:11     | Bought a potion of curing for 54 gold pieces
 24953 | D:11     | Bought a potion of berserk rage for 90 gold pieces
 24953 | D:11     | Bought a potion of curing for 54 gold pieces
 24953 | D:11     | Bought a potion of haste for 180 gold pieces
 24953 | D:11     | Bought a potion of agility for 72 gold pieces
 24953 | D:11     | Bought a potion of berserk rage for 90 gold pieces
 25173 | D:11     | Found Quhytt's Jewellery Boutique.
 25324 | D:11     | Reached skill level 1 in Conjurations
 25669 | D:11     | Found the +7 mace of Variability {chain chaos}
 25670 | D:11     | Found a shimmering altar of Xom.
 25690 | D:11     | Paralysed by a chaos spawn for 6 turns
 25703 | D:11     | Reached skill level 1 in Fire Magic
 26358 | D:12     | Found a roughly hewn altar of Beogh.
 26358 | D:12     | Found a staircase to the Orcish Mines.
 26854 | D:12     | Reached skill level 5 in Stealth
 27092 | D:12     | Found the +5 scythe "Finisher" {speed, eviscerate}
 27401 | Orc:1    | Entered Level 1 of the Orcish Mines
 28318 | Orc:2    | Entered Level 2 of the Orcish Mines
 28516 | Orc:2    | Reached XP level 15. HP: 132/132 MP: 24/24
 28995 | D:11     | Bought the ring of Phasing {EV+8} for 1664 gold pieces
 28995 | D:11     | Found the ring of Phasing {EV+8}
 29358 | Orc:2    | Found a staircase to the Elven Halls.
 29618 | Orc:2    | Paralysed by an orc sorcerer for 4 turns
 29663 | Orc:2    | Noticed Saint Roka
 30273 | Orc:2    | Found a roughly hewn altar of Beogh.
 30296 | Orc:2    | Killed Saint Roka
 30600 | Orc:2    | Found Ishruqewy's General Store.
 30610 | Orc:2    | Bought a scroll of identify for 30 gold pieces
 30610 | Orc:2    | Bought a potion of haste for 150 gold pieces
 30658 | Orc:2    | Found Rapaoh's General Store.
 30668 | Orc:2    | Bought a potion of agility for 60 gold pieces
 30668 | Orc:2    | Bought a potion of resistance for 150 gold pieces
 30668 | Orc:2    | Bought a scroll of identify for 30 gold pieces
 30668 | Orc:2    | Bought a wand of iceblast (3) for 105 gold pieces
 30930 | Orc:2    | Found Fifoucs's Food Shoppe.
 30950 | Orc:2    | Bought a ration for 65 gold pieces
 30950 | Orc:2    | Bought a ration for 65 gold pieces
 30950 | Orc:2    | Bought a ration for 65 gold pieces
 30950 | Orc:2    | Bought a ration for 65 gold pieces
 30956 | Orc:2    | Found Punik Qobifo's General Store.
 30973 | Orc:2    | Noticed an orc warlord
 30987 | Orc:2    | Killed an orc warlord
 30987 | Orc:2    | Reached skill level 17 in Polearms
 30999 | Orc:2    | Found a roughly hewn altar of Beogh.
 31006 | Orc:2    | Paralysed by an orc sorcerer for 3 turns
 31566 | Orc:1    | Found Natal's Magic Scroll Emporium.
 31566 | Orc:1    | Noticed an orc warlord
 31597 | Orc:2    | Killed an orc warlord
 31720 | Orc:1    | Bought a scroll of identify for 24 gold pieces
 31720 | Orc:1    | Bought a scroll of fear for 42 gold pieces
 31720 | Orc:1    | Bought 2 scrolls of teleportation for 72 gold pieces
 31720 | Orc:1    | Bought a scroll of teleportation for 36 gold pieces
 31720 | Orc:1    | Bought a scroll of identify for 24 gold pieces
 31720 | Orc:1    | Bought a scroll of silence for 90 gold pieces
 31931 | D:13     | Found a runed translucent door.
 31931 | D:13     | Noticed a storm dragon
 31966 | D:13     | Noticed a frost giant
 33830 | D:14     | Identified the Reference Book on Freezing Enchantment
 33844 | D:14     | Reached XP level 16. HP: 141/141 MP: 27/27
 34741 | D:14     | Found a gate to the Vaults.
 34996 | D:15     | Entered Level 15 of the Dungeon
 35090 | D:15     | Reached skill level 18 in Polearms
 35278 | D:15     | Cast into level 2 of the Abyss (a wizard)
 35278 | Abyss:2  | Found a corrupted altar of Lugonu.
 35386 | Abyss:2  | Noticed a bone dragon
 35401 | Abyss:2  | Found a corrupted altar of Lugonu.
 35780 | Abyss:2  | Noticed a tentacled starspawn
 36404 | Abyss:2  | Noticed a tentacled starspawn
 36412 | Abyss:2  | Killed a tentacled starspawn
 36422 | Abyss:2  | Found a corrupted altar of Lugonu.
 36463 | D:15     | Escaped the Abyss
 36485 | D:15     | Reached skill level 5 in Armour
 36559 | D:15     | Reached skill level 10 in Stealth
 36936 | D:15     | Found a staircase to the Depths.
 37085 | D:15     | Reached skill level 19 in Polearms
 37113 | D:15     | Bought a scroll of identify for 30 gold pieces
 37113 | D:15     | Bought a scroll of blinking for 112 gold pieces
 37113 | D:15     | Bought a scroll of identify for 30 gold pieces
 37113 | D:15     | Bought a scroll of identify for 30 gold pieces
 37113 | D:15     | Bought a scroll of teleportation for 45 gold pieces
 37277 | D:11     | Bought an uncursed ring of protection from magic for 325
                  | gold pieces
 37277 | D:11     | Bought a +4 amulet of reflection for 351 gold pieces
 37496 | Swamp:1  | Entered Level 1 of the Swamp
 37746 | Swamp:1  | Reached XP level 17. HP: 149/149 MP: 29/29
 39709 | Swamp:2  | Found a runed translucent door.
 40382 | Swamp:3  | Reached skill level 5 in Translocations
 40714 | Swamp:3  | Noticed Jorgrun
 40724 | Swamp:3  | Killed Jorgrun
 41478 | Swamp:4  | Entered Level 4 of the Swamp
 42202 | Swamp:4  | Got a warped great sword
 42215 | Swamp:4  | Reached skill level 5 in Conjurations
 43757 | Swamp:4  | Reached skill level 20 in Polearms
 44144 | Swamp:4  | Noticed the 27-headed Lernaean hydra
 44272 | Snake:1  | Entered Level 1 of the Snake Pit
 44278 | Snake:1  | Found the +8 demon blade "Bloodbane" {slice, *Rage +Rage
                  | Stlth-}
 44313 | Snake:1  | Reached XP level 18. HP: 146/158 MP: 31/31
 44476 | Snake:1  | Bought the ring of Kohoom {+Inv rPois rN+} for 611 gold
                  | pieces
 44786 | Snake:1  | Identified the +1 great sword of Ythraot {venom, Int+3}
                  | (You found it on level 4 of the Swamp)
 46644 | Snake:2  | You fall into a shaft and drop 1 floor!
 47611 | Snake:2  | Found a sacrificial altar of Ru.
 48046 | Snake:3  | Reached skill level 10 in Spellcasting
 48518 | Snake:3  | HP: 4/160 [shock serpent/bolt of electricity (27)]
 49595 | Snake:4  | Entered Level 4 of the Snake Pit
 50853 | Snake:4  | Reached XP level 19. HP: 149/166 MP: 33/33
 50947 | Snake:4  | Noticed Aizul
 50970 | Snake:4  | Noticed Vashnia
 51446 | Snake:4  | Killed Aizul
 51576 | Snake:4  | Killed Vashnia
 53871 | Snake:4  | Reached skill level 5 in Fire Magic
 53940 | Snake:4  | Got a serpentine rune of Zot
 53959 | Snake:4  | Reached skill level 21 in Polearms
 54415 | Snake:1  | Bought the ring of Xach {Wiz MR+ Dex+4} for 816 gold pieces
 54592 | Orc:2    | Bought a book of Conjurations for 450 gold pieces
 54650 | Orc:2    | Bought a scroll of teleportation for 42 gold pieces
 54650 | Orc:2    | Bought a ration for 70 gold pieces
 54650 | Orc:2    | Bought a +0 pair of gloves for 63 gold pieces
 54819 | D:8      | Bought a potion of cancellation for 232 gold pieces
 54819 | D:8      | Bought a scroll of enchant armour for 217 gold pieces
 54819 | D:8      | Bought a scroll of blinking for 217 gold pieces
 54949 | Vaults:1 | Entered Level 1 of the Vaults
 56022 | Vaults:1 | Reached XP level 20. HP: 174/174 MP: 34/34
 56190 | Vaults:1 | Found Dasoh's Jewellery Shoppe.
 56225 | Vaults:1 | Bought the amulet "Healoxt" {RegenMP Dex-3 Slay+5} for 982
                  | gold pieces
 56404 | Vaults:1 | Found a runed translucent gate.
 56404 | Vaults:1 | Found a runed translucent gate.
 56404 | Vaults:1 | Found a runed translucent gate.
 56641 | Vaults:2 | Got a clouded wooden ring
 56784 | Vaults:2 | Found a staircase to the Crypt.
 58126 | Vaults:2 | Reached skill level 22 in Polearms
 59150 | Vaults:3 | Identified the ring "Ikkiduta" {rCorr SInv} (You found it
                  | on level 2 of the Vaults)
 59157 | Vaults:3 | Identified the +2 leather armour of Hablami {+Blink rF+ rC-
                  | rCorr} (You found it on level 3 of the Vaults)
 60062 | Vaults:3 | Reached skill level 15 in Stealth
 60084 | Vaults:3 | Reached skill level 23 in Polearms
 60941 | Vaults:3 | Reached XP level 21. HP: 149/180 MP: 35/35
 61140 | Vaults:3 | Reached skill level 24 in Polearms
 62057 | Vaults:4 | Noticed Bai Suzhen
 62064 | Vaults:4 | Killed Bai Suzhen
 62069 | Vaults:4 | Noticed an ancient lich
 62088 | Vaults:4 | Paralysed by an ancient lich for 2 turns
 62092 | Vaults:4 | Killed an ancient lich
 62095 | Vaults:4 | Reached skill level 25 in Polearms
 62238 | Vaults:4 | Paralysed by a hornet for 2 turns
 63059 | Vaults:4 | Reached skill level 26 in Polearms
 63957 | Vaults:4 | Found Oluno's Jewellery Boutique.
 64165 | Vaults:4 | Found a runed translucent gate.
 64165 | Vaults:4 | Found an ancient bone altar of Kikubaaqudgha.
 64165 | Vaults:4 | Found a runed translucent gate.
 64165 | Vaults:4 | Noticed an ancient lich
 64165 | Vaults:4 | Noticed SpeedRobin's ghost (adept DDFi)
 64166 | Vaults:4 | Found a runed translucent gate.
 64166 | Vaults:4 | Noticed an ancient lich
 64652 | Lair:2   | Bought the +6 chain mail "Junameju" {MR++ Regen+ Int-3} for
                  | 610 gold pieces
 64831 | Elf:1    | Entered Level 1 of the Elven Halls
 64959 | Elf:1    | Reached XP level 22. HP: 188/188 MP: 36/36
 64984 | Elf:1    | Identified the Tome of the Escort
 65064 | Elf:1    | Found Ator's Assorted Antiques.
 65072 | Elf:1    | Bought a potion of curing for 87 gold pieces
 65072 | Elf:1    | Bought a green potion for 26 gold pieces
 65072 | Elf:1    | Bought a scroll of enchant armour for 217 gold pieces
 65072 | Elf:1    | Bought an onyx ring for 145 gold pieces
 65086 | Elf:1    | Reached XP level 23. HP: 194/194 MP: 37/37
 65345 | Elf:1    | Noticed Asterion
 65356 | Elf:1    | Killed Asterion
 65637 | Elf:1    | Noticed Louise
 65678 | Elf:1    | Killed Louise
 65750 | Elf:1    | You fall into a shaft and drop 1 floor!
 66438 | Elf:2    | Identified the +8 chain mail "Bamew" {rC+ Str+6 Int-4} (You
                  | found it on level 2 of the Elven Halls)
 66597 | Elf:2    | Found a huge runed translucent gate.
 66598 | Elf:2    | Found a huge runed translucent gate.
 66599 | Elf:2    | Found a huge runed translucent gate.
 66600 | Elf:2    | Found a huge runed translucent gate.
 66600 | Elf:2    | Found a huge runed translucent gate.
 67373 | Elf:3    | Entered Level 3 of the Elven Halls
 67569 | Elf:3    | Identified the ring "Vaeck" {*Tele MR+ Str+3}
 68056 | Elf:3    | Identified the ring of Waovasm {rF+ MR+ Int+6}
 68320 | Elf:3    | Identified the Volume of the Harmful Mountains
 68354 | Elf:3    | Identified the ring "Janidd" {*Contam rPois rF+ MP+9 Str+2}
 68388 | Elf:3    | Found the +8 arc blade {discharge, rElec}
 68719 | Elf:3    | Identified the +6 falchion "Picsofon" {pain, Dex+3}
 69748 | Swamp:4  | Killed the 26-headed Lernaean hydra
 69748 | Swamp:4  | Reached XP level 24. HP: 204/204 MP: 37/37
 70006 | Swamp:4  | Got a decaying rune of Zot
 70431 | Vaults:5 | Entered Level 5 of the Vaults
 72617 | Vaults:5 | Identified the Almanac of Optimism
 72680 | Vaults:5 | Identified the ring "Astedale" {Fire rPois Str+3} (You
                  | found it on level 5 of the Vaults)
 72684 | Vaults:5 | Got a silver rune of Zot
 72863 | Vaults:5 | Found Renaid's Antique Weapon Shoppe.
 72901 | Vaults:5 | Identified Sif Muna's Papyrus of Dusty Cold
 73004 | Vaults:5 | Reached XP level 25. HP: 213/213 MP: 37/37
 73601 | Depths:1 | Entered Level 1 of the Depths
 73806 | Depths:1 | Noticed Mara
 73814 | Depths:1 | Killed Mara
 73864 | Depths:1 | Reached skill level 10 in Evocations
 73956 | Depths:1 | Found a gateway to Hell.
 74303 | Depths:1 | Found the +8 Wrath of Trog {antimagic, *Rage}
 74667 | Depths:1 | Noticed Nikola
 74672 | Depths:1 | Killed Nikola
 74749 | Depths:1 | Noticed Sojobo
 74770 | Depths:1 | Killed Sojobo
 75034 | Depths:2 | Reached skill level 10 in Armour
 75187 | Depths:2 | Learned a level 6 spell: Statue Form
 75338 | Depths:2 | Reached skill level 1 in Transmutations
 75493 | Depths:2 | Found a runed translucent door.
 75512 | Depths:2 | Reached skill level 1 in Earth Magic
 75555 | Depths:2 | Found a runed translucent door.
 75838 | Depths:2 | Found a runed translucent door.
 76004 | Depths:2 | Found a one-way gate to the infinite horrors of the Abyss.
 76264 | Depths:2 | Paralysed by a floating eye for 2 turns
 76321 | Depths:2 | Reached skill level 5 in Transmutations
 76954 | Depths:3 | Found a one-way gate leading to the halls of Pandemonium.
 77050 | Depths:3 | Reached XP level 26. HP: 205/224 MP: 37/37
 77741 | Depths:3 | Reached skill level 5 in Earth Magic
 78407 | Depths:3 | Reached skill level 10 in Transmutations
 78461 | Depths:3 | Identified the ring of the Cockatrice {rF+ MR- Str+4
                  | Stlth-}
 78568 | Depths:3 | Noticed a juggernaut
 78581 | Depths:3 | Killed a juggernaut
 78737 | Depths:3 | Noticed a juggernaut
 78751 | Depths:3 | Killed a juggernaut
 78929 | Depths:3 | You fall into a shaft and drop 1 floor!
 79927 | Depths:4 | Identified a scroll of acquirement
 80866 | Depths:5 | Entered Level 5 of the Depths
 80875 | Depths:5 | Found a gateway to a ziggurat.
 80959 | Depths:5 | Reached XP level 27. HP: 151/231 MP: 38/38
 81268 | Depths:5 | Noticed a juggernaut
 81280 | Depths:5 | Killed a juggernaut
 81460 | Depths:5 | Noticed Jory
 81470 | Depths:5 | Killed Jory
 81977 | Depths:5 | Found a gate to the Realm of Zot.
 82387 | Zot:1    | Entered Level 1 of the Realm of Zot
 83202 | Zot:1    | Killed from afar by a black draconian

Levels and vault maps discovered:
D:1:      erik_arrival_triangle_small, layout_loops_cross, chequers_avenue
D:2:      layout_basic, lemuel_coloured_pillars_altar, uniq_robin
D:3:      layout_basic, nicolae_overflow_quartered_altars,
          overflow_temple_1_default, kennysheep_generic_room_3, uniq_natasha
D:4:      layout_basic
D:5:      layout_loops_ring, first_ration, lemuel_blue_sif_altar, uniq_sigmund,
          uniq_blork_the_orc
D:6:      layout_basic, minmay_temple_entry_mist, nicolae_ashenzari_panopticon,
          uniq_duvessa
D:7:      layout_gridville, serial_shops,
          nicolae_shop_temple_entry_statues_fountains, uniq_pikel,
          uniq_menkaure, uniq_prince_ribbit1
D:8:      layout_loops_ring, serial_shops, shop, basic_altar, grunt_ogre_cave
D:9:      layout_cave_pools, basic_altar, minmay_shop_damaged, minmay_nine_imps
D:10:     layout_roguey, lair_entry_dummy, basic_altar, uniq_maurice
D:11:     layout_irregular_city, serial_shops, shop,
          minmay_guarded_unrand_variability
D:12:     layout_irregular_city, david_orc_5, minmay_guarded_unrand_finisher
D:13:     layout_big_octagon, kennysheep_treasure_room
D:14:     layout_irregular_city, david_vaults_2, minmay_staircase_bubble
D:15:     grunt_enter_depths_magical_seal, layout_rooms
Temple:   regret_index_temple_sphere_string
Lair:1:   layout_loops_ring, special_room [special_room_bee],
          chequers_serial_rivers_small_b
Lair:2:   layout_roguey, swamp_mist, guppyfry_snake_entry_island,
          gammafunk_ghost_hive
Lair:3:   gammafunk_lair_enchanted_lake, layout_gridlike
Lair:4:   layout_long_grid, uniq_rupert
Lair:5:   layout_layer_cave, nicolae_volcano_entry_lava_flow, lemuel_fruit_tree
Lair:6:   gammafunk_lair_ancient_temple, layout_regular_city, slime_altar_1,
          minmay_shattered_shrine, uniq_josephine, uniq_sonja
Swamp:1:  layout_falls_marsh, evilmike_swamp_ruin_house_4, swamp_pool3
Swamp:2:  gammafunk_mikee_crab_dinner, layout_basic_swamp,
          evilmike_swamp_ruin_rubble_1, infiniplex_staircase_pool
Swamp:3:  layout_falls_marsh, serial_swamp_ruin, evilmike_swamp_ruin_rubble_2,
          evilmike_swamp_ruin_house_1, swamp_pool3, uniq_jorgrun
Swamp:4:  swamp_old_school, layout_basic_swamp, grunt_lady_of_the_lake
Snake:1:  layout_basic, nicolae_snake_serpentine_hallways, st_stairs_2,
          guppyfry_snake_island, serial_bayou_shore_b
Snake:2:  layout_chambers, basic_altar
Snake:3:  layout_concentric_octagons, nicolae_snake_shapes
Snake:4:  snake_pit_salamanders_mu, layout_layer_cave,
          hangedman_snake_wide_pillar_pass, st_stairs_5, uniq_vashnia,
          uniq_aizul, uniq_saint_roka
Orc:1:    layout_caves, serial_shops, shop
Orc:2:    pubby_orc_utopia
Elf:1:    minmay_elf_arrival_circle, layout_gridlike, serial_shops,
          nicolae_shop_competitors_out_of_business, minmay_elf_demonology,
          nicolae_wwwww, uniq_louise, uniq_asterion
Elf:2:    layout_geoelf_octagon
Elf:3:    minmay_elf_hall_quartered_circle, layout_loops_corners,
          grunt_ministairs_4
Vaults:1: ploomutoo_gammafunk_vaults_ghost_potion_laboratory,
          hangedman_vaults_stagger, v_rooms_6, nicolae_vaults_angled_halls,
          v_misc_10, nicolae_vaults_theta, v_misc_11, hangedman_vaults_snaps,
          vaults_mumra_chevron, nicolae_vaults_angled_halls,
          ontoclasm_vaults_bender, v_misc_16, nicolae_vaults_little_squares_4,
          grunt_vaults_hallway_short, hangedman_vaults_stream, v_alt_pattern_3,
          layout_vaults_maze, serial_shops, shop
Vaults:2: v_misc_26, hangedman_vaults_slice, hangedman_vaults_impose, v_misc_30,
          v_misc_33, vaults_mumra_hexcomb, hangedman_vaults_nodes,
          vaults_room_ringed_pool, layout_vaults_omnigrid, dummy_crypt_entry
Vaults:3: nicolae_vaults_hallways_thing, v_misc_19, hangedman_vaults_nails,
          v_misc_13, nicolae_vaults_display_case, vaults_standard_mumra_lines,
          vaults_room_hallway, v_pattern_4, nicolae_vaults_specimen_jars,
          nicolae_vaults_mini_display_case, vaults_dpeg_encased_lava,
          ontoclasm_vaults_loading_screen, serial_ice_g,
          nicolae_vaults_little_squares_4, ontoclasm_vaults_fault,
          ontoclasm_vaults_gateway, layout_vaults_ring
Vaults:4: gammafunk_vaults_ghost_crypt, nicolae_vaults_little_squares_6,
          v_rooms_5, hangedman_vaults_capsules, st_star,
          nicolae_vaults_windows_and_doors_thing, nicolae_vaults_big_ls,
          hangedman_vaults_hat, ontoclasm_vaults_spin,
          nicolae_vaults_diagonal_hallway_6, nicolae_vaults_diagonal_hallway_8,
          nicolae_vaults_gold_heap, ontoclasm_vaults_ring_square,
          nicolae_vaults_little_squares_1, nicolae_vaults_shelves_hall,
          layout_vaults_omnibox, serial_shops, nicolae_shop_stone,
          uniq_bai_suzhen
Vaults:5
Depths:1: layout_basic, kennysheep_flooded_box, serial_shops, bzr_firewalk,
          hell_entry, minmay_guarded_unrand_wrath_of_trog, serial_bayou_shore_b,
          serial_bayou_shore_b, uniq_sojobo, uniq_mara, uniq_nikola
Depths:2: minmay_the_grid_triangle_9x9_rhombus_thin_mashed
          [minmay_the_grid_triangle_9x9_tough_junction,
          minmay_the_grid_triangle_9x9_prize_schism,
          minmay_the_grid_triangle_9x9_subtriangle,
          minmay_the_grid_triangle_9x9_pentomino_pain], layout_gridlike,
          interstate_on_off, hangedman_abyss_entry_splay, grunt_mini_vestibule,
          hex_large, kb_rosetta
Depths:3: grunt_runaround [grunt_runaround_doors_1, grunt_runaround_doors_2,
          grunt_runaround_doors_3, grunt_runaround_doors_4,
          grunt_runaround_loot], hell_entry, pan_entry
Depths:4: minmay_tri_box, layout_basic, serial_glass, glass_columns_a,
          glass_columns_a, hangedman_geh_valley, abyss_entry_crystal,
          minivault_12
Depths:5: evilmike_zot_entry_round, layout_cave_pools, enter_ziggurat_e,
          hangedman_coc_ice_floe, uniq_jory
Zot:1:    circus_mu, layout_basic

Skill      XL: |  1  2  3  4  5  6  7  8  9 10 11 12 13 14 15 16 17 18 19 20 21 22 23 24 25 26 27 |
---------------+----------------------------------------------------------------------------------+-----
Polearms       | 5 6 7 8 9 11 13 14 15 16 17 19 20 21 23 26 | 26.0
Fighting       | 3 4 6 7 8 10 12 13 14 15 16 17 18 19 20 21 22 | 22.4
Armour         | 3 5 6 7 9 10 | 10.7
Evocations     | 2 4 5 7 9 10 | 10.0
Dodging        | 7 9 11 14 15 16 18 19 20 21 22 | 22.6
Spellcasting   | 4 5 6 7 8 9 10 11 13 | 13.4
Poison Magic   | 2 |  2.0
Air Magic      | 2 |  2.2
Translocations | 2 4 5 |  5.0
Stealth        | 5 8 10 12 15 16 18 19 20 | 20.0
Conjurations   | 2 3 5 6 |  6.0
Fire Magic     | 2 3 5 |  5.0
Transmutations | 6 12 | 12.4
Earth Magic    | 3 8 |  8.4
Throwing       | |  2.0

Action                   |  1- 3 |  4- 6 |  7- 9 | 10-12 | 13-15 | 16-18 | 19-21 | 22-24 | 25-27 || total
-------------------------+-------+-------+-------+-------+-------+-------+-------+-------+-------++-------
Melee: Trident           |   114 |   208 |   503 |   351 |       |       |       |       |       ||  1176
       Halberd           |       |       |       |   603 |   779 |       |       |       |       ||  1382
       Scythe            |       |       |       |       |   741 |  1566 |  1502 |  1078 |  1384 ||  6271
       Tailslap          |       |       |       |       |     4 |    19 |       |     1 |     3 ||    27
       Hunting sling     |       |       |       |       |     1 |       |       |       |       ||     1
 Fire: Hunting sling     |       |       |     7 |       |    50 |       |       |       |       ||    57
Throw: Throwing net      |       |    10 |       |     1 |       |     1 |     2 |       |       ||    14
       Stone             |       |     1 |     1 |     6 |    73 |    83 |    56 |    39 |    27 ||   286
 Cast: Apportation       |       |       |       |       |     2 |    11 |     1 |       |     4 ||    18
       Blink             |       |       |       |       |     2 |       |       |     1 |       ||     3
       Mephitic Cloud    |       |       |       |       |     5 |       |       |       |       ||     5
       Conjure Flame     |       |       |       |       |     2 |     1 |       |       |       ||     3
Invok: Call Merchant     |       |       |       |     1 |     2 |     2 |       |     1 |       ||     6
       Potion Petition   |       |       |       |       |       |       |     1 |       |       ||     1
 Abil: Evoke Invisibilit |       |       |       |       |       |     1 |       |       |       ||     1
Evoke: Wand              |       |       |       |     3 |    21 |    24 |     4 |     9 |     1 ||    62
       Phial of floods   |       |       |       |       |     1 |       |       |       |       ||     1
       Lamp of fire      |       |       |       |       |       |     2 |     1 |     2 |     2 ||     7
  Use: Potion            |     1 |     2 |     2 |     8 |     4 |     5 |     7 |     3 |     8 ||    40
       Scroll            |       |       |    15 |     2 |    16 |    16 |    10 |     9 |     5 ||    73
 Stab: Sleeping          |     1 |       |       |       |     9 |    20 |    24 |    12 |    24 ||    90
       Held in net/web   |       |     2 |       |       |       |       |       |       |       ||     2
       Distracted        |       |       |       |     5 |    11 |    17 |    30 |    12 |    17 ||    92
       Paralysed         |       |       |       |       |     7 |     3 |       |       |       ||    10
       Invisible         |       |       |       |       |     1 |     2 |       |       |       ||     3
       Confused          |       |       |       |       |     1 |       |       |     1 |       ||     2
  Eat: Chunk             |     1 |     8 |    14 |       |       |       |       |       |       ||    23
       Ration            |       |       |     1 |     9 |    15 |    16 |    13 |     8 |    10 ||    72
Armor: Leather armour    |     7 |       |       |       |       |       |       |       |       ||     7
       Ring mail         |    21 |    47 |   115 |   150 |   188 |   117 |    75 |    20 |    12 ||   745
       Skin              |       |       |       |     2 |       |       |       |       |       ||     2
       Chain mail        |       |       |       |       |       |       |     3 |   158 |   182 ||   343
Dodge: Dodged            |    57 |   109 |   214 |   418 |   985 |  1123 |   821 |   513 |   561 ||  4801
Block: Other             |       |       |       |       |       |   107 |    57 |       |       ||   164
       Reflection        |       |       |       |       |       |     5 |     5 |       |       ||    10
